| TOP OF THE 1ST |
|
Seattle Mariners batting - Pitching for Baltimore Orioles : LHP Aldo Questi
|
|
Pitching: LHP Aldo Questi
|
|
|
Batting: RHB Jimmy Hammertime
|
0-0: Called Strike 0-1: Foul Ball, location: 2F 0-2: Ground out 5-3 (Groundball, 56, EV 105.0 MPH)
|
|
Batting: RHB Steve Jordan
|
0-0: Ground out 6-3 (Groundball, 6M, EV 96.9 MPH)
|
|
Batting: RHB Jose Vasquez
|
0-0: TRIPLE (Flyball, 89XD, EV 101.9 MPH)
|
|
Batting: SHB Robbie Rogers
|
0-0: SINGLE (Line Drive, 9S, EV 96.9 MPH) Jose Vasquez scores
|
|
Batting: RHB Tony Vargas
|
0-0: Ball Robbie Rogers is caught stealing 2nd base 2-4
|
| Top of the 1st over - 1 run, 2 hits, 0 errors, 0 left on base; Seattle 1 - Baltimore 0 |
| BOTTOM OF THE 1ST |
|
Baltimore Orioles batting - Pitching for Seattle Mariners : RHP Bas Kooy
|
|
Pitching: RHP Bas Kooy
|
|
|
Batting: RHB Saimei Kudo
|
0-0: Foul Ball, location: 2F 0-1: Ball 1-1: Ball 2-1: Foul Ball, location: 2F 2-2: SINGLE (Line Drive, 8LS, EV 87.5 MPH)
|
|
Batting: RHB Vince Jackson
|
0-0: Called Strike Saimei Kudo steals 2nd base (no throw) 0-1: Ball 1-1: SINGLE (Line Drive, 3D, EV 106.9 MPH) Saimei Kudo to third
|
|
Batting: RHB Rudo Garciaparra
|
0-0: Ball 1-0: Ball 2-0: Called Strike 2-1: Ball 3-1: Called Strike 3-2: Foul Ball, location: 2F 3-2: Fly out, F7 (Line Drive, 7S, EV 100.6 MPH) Runner from 3rd tags up, SCORES, throw by LF
|
|
Batting: SHB Jason Hayes
|
0-0: Called Strike 0-1: Swinging Strike 0-2: Strikes out swinging
|
|
Batting: LHB Andy Bowman
|
0-0: Foul Ball, location: 2F 0-1: Ball 1-1: Ball 2-1: Foul Ball, location: 2F 2-2: Strikes out swinging
|
| Bottom of the 1st over - 1 run, 2 hits, 0 errors, 1 left on base; Seattle 1 - Baltimore 1 |
| TOP OF THE 2ND |
|
Seattle Mariners batting - Pitching for Baltimore Orioles : LHP Aldo Questi
|
|
Batting: RHB Tony Vargas
|
0-0: Ball 1-0: Foul Ball, location: 2F 1-1: Ball 2-1: Swinging Strike 2-2: Ball 3-2: Base on Balls
|
|
Batting: RHB Pavpv Ivanushkin
|
0-0: Called Strike Tony Vargas is caught stealing 2nd base 2-4 0-1: Ball 1-1: Foul Ball, location: 2F 1-2: Strikes out swinging
|
|
Batting: RHB Corey Ottinger
|
0-0: Foul Ball, location: 2F 0-1: Swinging Strike 0-2: Strikes out looking
|
| Top of the 2nd over - 0 runs, 0 hits, 0 errors, 0 left on base; Seattle 1 - Baltimore 1 |
| BOTTOM OF THE 2ND |
|
Baltimore Orioles batting - Pitching for Seattle Mariners : RHP Bas Kooy
|
|
Batting: RHB Tenshou Takita
|
0-0: Hit by Pitch
|
|
Batting: SHB Bran Stark
|
0-0: SINGLE (Flyball, 8LS, EV 86.9 MPH) Tenshou Takita to second
|
|
Batting: RHB Raul Mendoza
|
0-0: Ball 1-0: Swinging Strike 1-1: Foul Ball, location: 2F 1-2: Grounds into double play, 6-4-3 (Groundball, 6, EV 89.4 MPH) Tenshou Takita to third
|
|
Batting: SHB Eduardo Maldonado
|
0-0: Called Strike 0-1: Ball 1-1: Foul Ball, location: 2F 1-2: Fly out, F7 (Flyball, 7LM, EV 80.0 MPH)
|
| Bottom of the 2nd over - 0 runs, 1 hit, 0 errors, 1 left on base; Seattle 1 - Baltimore 1 |
| TOP OF THE 3RD |
|
Seattle Mariners batting - Pitching for Baltimore Orioles : LHP Aldo Questi
|
|
Batting: LHB Jerrod Cluck
|
0-0: Called Strike 0-1: Ground out U3 (Groundball, 34, EV 103.8 MPH)
|
|
Batting: RHB Malik Brookshire
|
0-0: Ground out 4-3 (Groundball, 4, EV 94.4 MPH)
|
|
Batting: RHB Jimmy Hammertime
|
0-0: Fly out, F8 (Flyball, 89D, EV 103.1 MPH)
|
| Top of the 3rd over - 0 runs, 0 hits, 0 errors, 0 left on base; Seattle 1 - Baltimore 1 |
| BOTTOM OF THE 3RD |
|
Baltimore Orioles batting - Pitching for Seattle Mariners : RHP Bas Kooy
|
|
Batting: RHB Saimei Kudo
|
0-0: Ball 1-0: SINGLE (Line Drive, 7S, EV 93.8 MPH)
|
|
Batting: RHB Vince Jackson
|
0-0: Swinging Strike 0-1: Ball 1-1: Foul Ball, location: 2F 1-2: SINGLE (Groundball, 56D, EV 94.4 MPH) Saimei Kudo to second
|
|
Batting: RHB Rudo Garciaparra
|
0-0: Ball 1-0: Ball 2-0: Ball 3-0: Base on Balls Saimei Kudo to third Vince Jackson to second
|
|
Batting: SHB Jason Hayes
|
0-0: Foul Ball, location: 2F 0-1: Foul Ball, location: 2F 0-2: Ball 1-2: Ball 2-2: Foul Ball, location: 2F 2-2: Foul Ball, location: 2F 2-2: Ball 3-2: Base on Balls Saimei Kudo scores Vince Jackson to third Rudo Garciaparra to second
|
|
Batting: LHB Andy Bowman
|
0-0: Called Strike 0-1: Swinging Strike 0-2: Ball 1-2: Foul Ball, location: 2F 1-2: Ball 2-2: Fly out, F7 (Flyball, 7S, EV 88.1 MPH)
|
|
Batting: RHB Tenshou Takita
|
0-0: Foul Ball, location: 2F 0-1: Swinging Strike 0-2: Ball 1-2: Ball 2-2: Foul Ball, location: 2F 2-2: Strikes out looking
|
|
Batting: SHB Bran Stark
|
0-0: Swinging Strike 0-1: Ball 1-1: Swinging Strike 1-2: Strikes out swinging
|
| Bottom of the 3rd over - 1 run, 2 hits, 0 errors, 3 left on base; Seattle 1 - Baltimore 2 |
| TOP OF THE 4TH |
|
Seattle Mariners batting - Pitching for Baltimore Orioles : LHP Aldo Questi
|
|
Batting: RHB Steve Jordan
|
0-0: Called Strike 0-1: Foul Ball, location: 2F 0-2: Ground out 5-3 (Groundball, 56, EV 77.5 MPH)
|
|
Batting: RHB Jose Vasquez
|
0-0: Foul Ball, location: 2F 0-1: Ball 1-1: SOLO HOME RUN (Flyball, 7D, EV 96.2 MPH), Distance : 366 ft
|
|
Batting: SHB Robbie Rogers
|
0-0: Ball 1-0: Ball 2-0: DOUBLE (Line Drive, 9LS, EV 107.5 MPH)
|
|
Batting: RHB Tony Vargas
|
0-0: Ball 1-0: Called Strike 1-1: Swinging Strike 1-2: Foul Ball, location: 2F 1-2: Foul Ball, location: 2F 1-2: Fly out, F2 (Popup, 23F, EV 86.9 MPH)
|
|
Batting: RHB Pavpv Ivanushkin
|
0-0: Fly out, F7 (Flyball, 7, EV 82.5 MPH)
|
| Top of the 4th over - 1 run, 2 hits, 0 errors, 1 left on base; Seattle 2 - Baltimore 2 |
| BOTTOM OF THE 4TH |
|
Baltimore Orioles batting - Pitching for Seattle Mariners : RHP Bas Kooy
|
|
Batting: RHB Raul Mendoza
|
0-0: Ball 1-0: Swinging Strike 1-1: Ball 2-1: Foul Ball, location: 2F 2-2: Foul Ball, location: 2F 2-2: Strikes out swinging
|
|
Batting: SHB Eduardo Maldonado
|
0-0: Ball 1-0: Ball 2-0: Foul Ball, location: 2F 2-1: Fly out, F5 (Popup, 5F, EV 61.2 MPH)
|
|
Batting: RHB Saimei Kudo
|
0-0: Ball 1-0: SINGLE (Groundball, 56D, EV 95.6 MPH)
|
|
Batting: RHB Vince Jackson
|
0-0: Ball 1-0: Ball 2-0: Ball 3-0: Base on Balls Saimei Kudo to second
|
|
Batting: RHB Rudo Garciaparra
|
0-0: Ball 1-0: Called Strike 1-1: DOUBLE (Line Drive, 9LM, EV 104.4 MPH) Saimei Kudo scores Vince Jackson to third Runner from 3rd tries for Home, throw by RF and OUT! 9-4-2
|
| Bottom of the 4th over - 1 run, 2 hits, 0 errors, 1 left on base; Seattle 2 - Baltimore 3 |
| TOP OF THE 5TH |
|
Seattle Mariners batting - Pitching for Baltimore Orioles : LHP Aldo Questi
|
|
Batting: RHB Corey Ottinger
|
0-0: Ball 1-0: Ball 2-0: Ground out 3-1 (Groundball, 34S, EV 81.9 MPH)
|
|
Batting: LHB Jerrod Cluck
|
0-0: Ball 1-0: Ball 2-0: Called Strike 2-1: Foul Ball, location: 2F 2-2: Ball 3-2: Foul Ball, location: 2F 3-2: Foul Ball, location: 2F 3-2: Base on Balls
|
|
Batting: RHB Malik Brookshire
|
0-0: Foul Ball, location: 2F 0-1: Called Strike 0-2: Strikes out looking
|
|
Batting: RHB Jimmy Hammertime
|
0-0: Called Strike 0-1: Ball 1-1: Foul Ball, location: 2F 1-2: 2-RUN HOME RUN (Line Drive, 7LD, EV 98.8 MPH), Distance : 360 ft
|
|
Batting: RHB Steve Jordan
|
0-0: Called Strike 0-1: Ball 1-1: Ball 2-1: Swinging Strike 2-2: Ball 3-2: Fly out, F6 (Popup, 6M, EV 68.1 MPH)
|
| Top of the 5th over - 2 runs, 1 hit, 0 errors, 0 left on base; Seattle 4 - Baltimore 3 |
| BOTTOM OF THE 5TH |
|
Baltimore Orioles batting - Pitching for Seattle Mariners : RHP Bas Kooy
|
|
Batting: SHB Jason Hayes
|
0-0: Fly out, F9 (Flyball, 9, EV 91.2 MPH)
|
|
Batting: LHB Andy Bowman
|
0-0: Foul Ball, location: 2F 0-1: Foul Ball, location: 2F 0-2: Strikes out looking
|
|
Batting: RHB Tenshou Takita
|
0-0: Ball 1-0: Ground out 1-3 (Groundball, P, EV 67.5 MPH)
|
| Bottom of the 5th over - 0 runs, 0 hits, 0 errors, 0 left on base; Seattle 4 - Baltimore 3 |
| TOP OF THE 6TH |
|
Seattle Mariners batting - Pitching for Baltimore Orioles : LHP Aldo Questi
|
|
Batting: RHB Jose Vasquez
|
0-0: Ball 1-0: Ball 2-0: Called Strike 2-1: Ball 3-1: TRIPLE (Line Drive, 89XD, EV 103.8 MPH)
|
|
Batting: SHB Robbie Rogers
|
0-0: Called Strike 0-1: Foul Ball, location: 2F 0-2: Foul Ball, location: 2F 0-2: Ball 1-2: Ball 2-2: Ball Passed Ball! Jose Vasquez scores 3-2: Foul Ball, location: 2F 3-2: Foul Ball, location: 2F 3-2: DOUBLE (Line Drive, 9LS, EV 91.9 MPH)
|
|
Pitching: LHP Marko Emchenko
|
|
|
Batting: RHB Tony Vargas
|
0-0: Called Strike 0-1: Called Strike 0-2: Ball 1-2: Strikes out swinging
|
|
Batting: RHB Pavpv Ivanushkin
|
0-0: SINGLE (Groundball, 6M, EV 108.1 MPH) (infield hit) Robbie Rogers to third
|
|
Batting: RHB Corey Ottinger
|
0-0: Called Strike 0-1: Ball 1-1: Ball 2-1: Ball 3-1: DOUBLE (Groundball, 5L, EV 95.0 MPH) Robbie Rogers scores Pavpv Ivanushkin to third
|
|
Batting: LHB Jerrod Cluck
|
0-0: Called Strike 0-1: Fly out, F6 (Popup, 56D, EV 43.8 MPH)
|
|
Batting: RHB Malik Brookshire
|
0-0: Ground out 5-3 (Groundball, 56, EV 81.9 MPH)
|
| Top of the 6th over - 2 runs, 4 hits, 0 errors, 2 left on base; Seattle 6 - Baltimore 3 |
| BOTTOM OF THE 6TH |
|
Baltimore Orioles batting - Pitching for Seattle Mariners : RHP Bas Kooy
|
|
Batting: SHB Bran Stark
|
0-0: Swinging Strike 0-1: SINGLE (Groundball, 34D, EV 101.9 MPH)
|
|
Batting: RHB Raul Mendoza
|
0-0: Ball 1-0: Foul Ball, location: 2F 1-1: Fly out, F7 (Flyball, 7, EV 75.6 MPH)
|
|
Batting: SHB Eduardo Maldonado
|
0-0: Ball 1-0: Called Strike Bran Stark steals 2nd base 1-1: SINGLE (Groundball, P, EV 85.0 MPH) (infield hit) Bran Stark to third
|
|
Batting: RHB Saimei Kudo
|
0-0: Swinging Strike 0-1: Foul Ball, location: 2F 0-2: Strikes out swinging
|
|
Batting: RHB Vince Jackson
|
0-0: Ball 1-0: Foul Ball, location: 2F 1-1: Called Strike 1-2: Ball Pickoff Throw by Catcher to First - Error! E2 Bran Stark scores Eduardo Maldonado to second 2-2: Foul Ball, location: 2F 2-2: Fly out, F9 (Flyball, 9S, EV 91.2 MPH)
|
| Bottom of the 6th over - 1 run, 2 hits, 1 error, 1 left on base; Seattle 6 - Baltimore 4 |
| TOP OF THE 7TH |
|
Seattle Mariners batting - Pitching for Baltimore Orioles : LHP Marko Emchenko
|
|
Batting: RHB Jimmy Hammertime
|
0-0: Called Strike 0-1: Called Strike 0-2: Ball 1-2: Strikes out looking
|
|
Batting: RHB Steve Jordan
|
0-0: Called Strike 0-1: Foul Ball, location: 2F 0-2: Fly out, F8 (Line Drive, 8RM, EV 91.9 MPH)
|
|
Batting: RHB Jose Vasquez
|
0-0: Ball 1-0: Ball 2-0: Ball 3-0: Called Strike 3-1: Fly out, F9 (Flyball, 9S, EV 91.9 MPH)
|
| Top of the 7th over - 0 runs, 0 hits, 0 errors, 0 left on base; Seattle 6 - Baltimore 4 |
| BOTTOM OF THE 7TH |
|
Baltimore Orioles batting - Pitching for Seattle Mariners : RHP Bas Kooy
|
|
Pitching: RHP William de Jesus
|
|
|
Now at 3B: Corey Ottinger
|
|
|
Now at SS: Harutomi Matsubara
|
|
|
Batting: RHB Rudo Garciaparra
|
0-0: Ball 1-0: Called Strike 1-1: SINGLE (Line Drive, 7LM, EV 103.1 MPH)
|
|
Batting: SHB Jason Hayes
|
0-0: Called Strike 0-1: Swinging Strike 0-2: Ball 1-2: Ball 2-2: Ball 3-2: Fly out, F9 (Flyball, 9S, EV 88.1 MPH)
|
|
Batting: LHB Andy Bowman
|
0-0: Swinging Strike 0-1: Called Strike Rudo Garciaparra steals 2nd base 0-2: Ball 1-2: Ball 2-2: Foul Ball, location: 2F 2-2: Fly out, F9 (Flyball, 89S, EV 86.2 MPH)
|
|
Batting: RHB Tenshou Takita
|
0-0: Ball 1-0: Foul Ball, location: 2F 1-1: Called Strike 1-2: Ball 2-2: Ground out 3-1 (Groundball, 34, EV 77.5 MPH)
|
| Bottom of the 7th over - 0 runs, 1 hit, 0 errors, 1 left on base; Seattle 6 - Baltimore 4 |
| TOP OF THE 8TH |
|
Seattle Mariners batting - Pitching for Baltimore Orioles : LHP Marko Emchenko
|
|
Batting: SHB Robbie Rogers
|
0-0: Fly out, F9 (Flyball, 89M, EV 94.4 MPH)
|
|
Batting: RHB Tony Vargas
|
0-0: Ball 1-0: Foul Ball, location: 2F 1-1: Ground out 4-3 (Groundball, 34, EV 94.4 MPH)
|
|
Batting: RHB Pavpv Ivanushkin
|
0-0: Ball 1-0: Ball 2-0: Called Strike 2-1: Foul Ball, location: 2F 2-2: Strikes out swinging
|
| Top of the 8th over - 0 runs, 0 hits, 0 errors, 0 left on base; Seattle 6 - Baltimore 4 |
| BOTTOM OF THE 8TH |
|
Baltimore Orioles batting - Pitching for Seattle Mariners : RHP William de Jesus
|
|
Pitching: RHP Willie Sanchez
|
|
|
Batting: SHB Bran Stark
|
0-0: Called Strike 0-1: Ball 1-1: Called Strike 1-2: Ball 2-2: Foul Ball, location: 2F 2-2: Foul Ball, location: 2F 2-2: Foul Ball, location: 2F 2-2: Ball 3-2: Ground out 6-3 (Groundball, 56, EV 81.2 MPH)
|
|
Pinch Hitting: SHB Tony Prado
|
0-0: Ball 1-0: Ball 2-0: Ball 3-0: Base on Balls
|
|
Batting: SHB Eduardo Maldonado
|
0-0: SINGLE (Flyball, 8RS, EV 92.5 MPH) Tony Prado to second Runner from 2nd tries for 3rd, SAFE, throw by CF made to third
|
|
Batting: RHB Saimei Kudo
|
0-0: DOUBLE (Line Drive, 78D, EV 107.5 MPH) Tony Prado scores Eduardo Maldonado to third
|
|
Batting: RHB Vince Jackson
|
0-0: Foul Ball, location: 2F 0-1: Ball 1-1: Fly out, F1 (Line Drive, P, EV 68.1 MPH)
|
|
Batting: RHB Rudo Garciaparra
|
0-0: Called Strike 0-1: Ball 1-1: Fly out, F9 (Line Drive, 9S, EV 96.2 MPH)
|
| Bottom of the 8th over - 1 run, 2 hits, 0 errors, 2 left on base; Seattle 6 - Baltimore 5 |
| TOP OF THE 9TH |
|
Seattle Mariners batting - Pitching for Baltimore Orioles : LHP Marko Emchenko
|
|
Pitching: RHP Alan Taylor
|
|
|
Now in LF: Tony Prado
|
|
|
Batting: RHB Corey Ottinger
|
0-0: Foul Ball, location: 2F 0-1: Called Strike 0-2: Ball 1-2: Ball 2-2: Strikes out swinging
|
|
Batting: LHB Jerrod Cluck
|
0-0: Ball 1-0: Foul Ball, location: 2F 1-1: Ball 2-1: Ball 3-1: Foul Ball, location: 2F 3-2: Strikes out swinging
|
|
Batting: RHB Malik Brookshire
|
0-0: Ball 1-0: Ground out 4-3 (Groundball, 4, EV 104.4 MPH)
|
| Top of the 9th over - 0 runs, 0 hits, 0 errors, 0 left on base; Seattle 6 - Baltimore 5 |
| BOTTOM OF THE 9TH |
|
Baltimore Orioles batting - Pitching for Seattle Mariners : RHP Willie Sanchez
|
|
Batting: SHB Jason Hayes
|
0-0: Ball 1-0: Ball 2-0: Foul Ball, location: 2F 2-1: SINGLE (Groundball, 6D, EV 101.9 MPH)
|
|
Batting: LHB Andy Bowman
|
0-0: Called Strike 0-1: Ball 1-1: Ball 2-1: Ball 3-1: SINGLE (Line Drive, 89D, EV 99.4 MPH) Jason Hayes to second Runner from 2nd tries for 3rd, SAFE, throw by RF made to third Andy Bowman to second
|
|
Batting: RHB Tenshou Takita
|
0-0: Foul Ball, location: 2F 0-1: Called Strike 0-2: Ball 1-2: Strikes out swinging
|
|
Batting: SHB Bran Stark
|
0-0: Ball 1-0: Called Strike 1-1: Foul Ball, location: 2F 1-2: Ball 2-2: Foul Ball, location: 2F 2-2: Strikes out looking
|
|
Batting: SHB Tony Prado
|
0-0: Intentional Walk
|
|
Batting: SHB Eduardo Maldonado
|
0-0: Ball 1-0: Ball 2-0: Foul Ball, location: 2F 2-1: Ball 3-1: Base on Balls Jason Hayes scores Andy Bowman to third Tony Prado to second
|
|
Batting: RHB Saimei Kudo
|
0-0: Called Strike 0-1: Swinging Strike 0-2: Strikes out swinging
|
| Bottom of the 9th over - 1 run, 2 hits, 0 errors, 3 left on base; Seattle 6 - Baltimore 6 |
| TOP OF THE 10TH |
|
Seattle Mariners batting - Pitching for Baltimore Orioles : RHP Alan Taylor
|
|
Batting: RHB Harutomi Matsubara
|
0-0: Ball 1-0: Ball 2-0: Foul Ball, location: 2F 2-1: SINGLE (Line Drive, 7LS, EV 86.9 MPH)
|
|
Batting: RHB Steve Jordan
|
0-0: Called Strike 0-1: Sac Bunt to 25 - play at first, batter OUT! 5-3 Harutomi Matsubara to second
|
|
Batting: RHB Jose Vasquez
|
0-0: Ball 1-0: Called Strike 1-1: Ball 2-1: Ball 3-1: Fly out, F9 (Flyball, 9, EV 75.6 MPH) Runner from 2nd tags up, SAFE at 3rd with throw by RF
|
|
Batting: SHB Robbie Rogers
|
0-0: Intentional Walk
|
|
Batting: RHB Tony Vargas
|
0-0: Swinging Strike 0-1: Swinging Strike 0-2: Strikes out swinging
|
| Top of the 10th over - 0 runs, 1 hit, 0 errors, 2 left on base; Seattle 6 - Baltimore 6 |
| BOTTOM OF THE 10TH |
|
Baltimore Orioles batting - Pitching for Seattle Mariners : RHP Willie Sanchez
|
|
Batting: RHB Vince Jackson
|
0-0: Swinging Strike 0-1: SOLO HOME RUN (Flyball, 78XD, EV 107.5 MPH), Distance : 406 ft
|
| Bottom of the 10th over - 1 run, 1 hit, 0 errors, 0 left on base; Seattle 6 - Baltimore 7 |
|